 Dungeon Crawl Stone Soup version 0.20.1-1-g8b1a95d (webtiles) character file.

124735 Hogrash the Severer (level 16, -5/216 HPs)
             Began as a Hill Orc Fighter on Nov 2, 2017.
             Was a Follower of Uskayaw.
             Killed from afar by Aizul (27 damage)
             ... with a poison arrow
             ... on level 2 of the Shoals.
             The game lasted 02:10:45 (34304 turns).

Hogrash the Severer (Hill Orc Fighter)             Turns: 34304, Time: 02:10:46

Health: -5/216     AC: 25    Str: 27    XL:     16   Next: 94%
Magic:  24/26      EV: 15    Int: 14    God:    Uskayaw [*.....]
Gold:   496        SH: 13    Dex: 14    Spells: 13/15 levels left

rFire    . . .     SeeInvis .   J - +3 war axe of the Enchanted Forest {flame, rN+ Int+8 Dex+2}
rCold    . . .     Gourm    .   m - +2 shield
rNeg     + . .     Faith    +   a - +4 plate armour {MR+}
rPois    .         Spirit   .   y - +0 helmet
rElec    .         Reflect  .   n - scarf {cloud immunity}
rCorr    .         Harm     .   r - +0 pair of gloves
MR       +++..                  Y - +0 pair of boots {run}
Stlth    ..........             w - amulet of faith
Regen    0.5/turn               Q - ring of protection from magic
MPRegen  0.2/turn               M - +5 ring of evasion

@: mighty, berserking, lethally poisoned (-5 -> -15), very quick
A: dopey 1, low mp 1, weak 1, subdued magic 1
a: Stomp, Renounce Religion


You were on level 2 of the Shoals.
You worshipped Uskayaw.
Uskayaw was most pleased with you.
You were hungry.

You visited 5 branches of the dungeon, and saw 26 of its levels.
You also visited: Trove.

You collected 2351 gold pieces.
You spent 1855 gold pieces at shops.

Inventory:

Hand Weapons
 J - the +3 war axe of the Enchanted Forest (weapon) {flame, rN+ Int+8 Dex+2}
   (You found it on level 7 of the Dungeon)

   It has been specially enchanted to burn those struck by it, causing extra
   injury to most foes and up to half again as much damage against particularly
   susceptible opponents.
   Big, fiery blades are also staple armaments of hydra-hunters.
   It affects your intelligence (+8).
   It affects your dexterity (+2).
   It protects you from negative energy.
Missiles
 c - 17 steel javelins (quivered)
Armour
 a - a +4 plate armour of magic resistance (worn)
 m - a +2 shield (worn)
 n - a scarf of cloud immunity (worn)
 r - a +0 pair of gloves (worn)
 y - a +0 helmet (worn)
 Y - a +0 pair of boots of running (worn)
Jewellery
 w - an amulet of faith (around neck)
 M - a +5 ring of evasion (right hand)
 Q - a ring of protection from magic (left hand)
 T - an uncursed ring of protection from cold
Scrolls
 h - 2 scrolls of fear {unknown}
 i - 6 scrolls of magic mapping
 k - 4 scrolls of fog
 l - 3 scrolls of enchant weapon
 o - 2 scrolls of summoning {unknown}
 p - 4 scrolls of blinking
 t - 2 scrolls of enchant armour {unknown}
 A - 4 scrolls of amnesia
 B - 2 scrolls of noise {unknown}
 E - 12 scrolls of teleportation
 F - 4 scrolls of remove curse
 H - a scroll of brand weapon {unknown}
 S - a scroll of random uselessness {unknown}
 V - a scroll of recharging {unknown}
 W - 2 scrolls of vulnerability {unknown}
 X - 2 scrolls of torment {unknown}
Potions
 j - 4 potions of ambrosia
 q - a potion of brilliance
 u - 3 potions of flight
 v - 7 potions of haste
 z - 3 potions of agility
 C - 3 potions of might
 K - 4 potions of resistance
Comestibles
 D - 2 bread rations
 L - 29 fruits
 N - 3 meat rations
 P - 3 royal jellies


   Skills:
 - Level 13.5 Fighting
 - Level 20.0 Axes
   Level 1.0(11.7) Maces & Flails
 + Level 2.4 Throwing
 - Level 14.0 Armour
 - Level 7.3 Dodging
 - Level 6.0 Shields
 - Level 18.8 Invocations
   Level 1.0 Evocations


You had 13 spell levels left.
You knew the following spells:

 Your Spells              Type           Power        Failure   Level  Hunger
a - Swiftness             Chrm/Air       #.......     100%        2    ###....


Dungeon Overview and Level Annotations

Branches:
Dungeon (15/15)            Temple (1/1) D:4            Lair (6/6) D:10
 Shoals (2/4) Lair:3       Spider (0/4) Lair:3        Slime (0/5) Lair:6
    Orc (2/2) D:12            Elf (0/3) Orc:2        Vaults (0/5) D:13
 Depths (0/5) D:15

Altars:
Ashenzari
Cheibriados
Dithmenos
Elyvilon
Fedhas
Hepliaklqana
Makhleb
Nemelex Xobeh
Qazlal
Ru
Sif Muna
Trog
Uskayaw
Yredelemnul
Zin
The Shining One
Beogh

Shops:
D:4 [   D:7 !   Orc:2 %*%*

Annotations:
Shoals:2 Aizul


Innate Abilities, Weirdness & Mutations

You are dopey. (Int -2)
Your magical capacity is low. (-10% MP)
You are weak. (Str -2)
Your spells are a little easier to cast, but a little less powerful.


Message History

Aizul is heavily wounded.
Aizul casts a spell at you. The poison arrow hits you!
You are poisoned.
* * * LOW HITPOINT WARNING * * *
Unknown command.
You feel better. You block Aizul's attack.
Okay, then.
A red film seems to cover your vision as you go berserk!
You feel yourself moving faster!
You feel mighty! You block Aizul's attack.
Aizul says, "Everybody has to sleep sometimes."
Aizul hits you but does no damage.
You hit Aizul but do no damage.
Aizul is moderately wounded.
You hit Aizul but do no damage.
Aizul is moderately wounded.
Aizul coils herself and waves her upper body at you.
The poison arrow hits you!
You are poisoned.
You die...

≈≈≈≈≈≈≈..≈≈≈≈≈..##
≈≈≈≈≈≈)...≈≈≈.....
≈≈≈≈≈≈...≈<≈.....≈
≈≈≈≈≈≈≈....####...
≈≈≈≈≈≈≈....#
≈≈≈≈≈≈≈....#
≈≈≈<≈≈.....# .
≈≈≈≈≈≈S>###.##...
≈≈≈≈≈≈.@.##......
≈≈≈≈≈≈?.........#
≈≈≈≈≈≈≈≈....≈....
≈≈≈≈≈≈≈≈≈≈≈≈≈.≈..
≈≈≈≈≈≈≈≈≈≈≈≈≈≈...
≈≈≈≈≈≈≈≈≈≈≈≈≈≈≈..
≈≈≈≈≈≈≈≈≈≈≈≈≈≈≈..
≈≈≈≈≈≈≈≈≈≈≈≈≈≈≈..
≈≈≈≈≈≈≈≈≈≈≈≈.).


You could see Aizul.

Vanquished Creatures
  Kirke (D:15)
  Louise (D:14)
  A stone giant (Orc:1)
  Azrael (D:14)
  Nessos (D:14)
  A fire dragon (Lair:6)
  An ettin (D:15)
  A merfolk impaler (Shoals:1)
  A merfolk javelineer (Shoals:1)
  Josephine (Orc:1)
  3 ogre magi
  Harold (D:10)
  9 vault guards
  2 catoblepae (D:14)
  An ice dragon (D:13)
  9 hydras
  A death knight (D:15)
  The ghost of Zappman321 the Grappler, a novice TrEn of Qazlal (D:10)
  3 centaur warriors
  16 two-headed ogres
  A tengu warrior (D:15)
  Urug (D:15)
  A skeletal warrior (D:13)
  A sea snake (Shoals:1)
  6 unseen horrors
  A deep elf archer (D:14)
  3 deep trolls
  A phantasmal warrior (D:15)
  2 orc knights
  3 ugly things (D:14)
  A shining eye (Lair:6)
  An orb spider (Lair:3)
  10 cyclopes
  3 fauns (Shoals:1)
  A lindwurm (Lair:6)
  An orc sorcerer (Orc:2)
  3 deep elf magi
  4 manticores
  Maurice (Orc:1)
  3 merfolk sirens
  14 elephants
  Joseph (D:10)
  3 molten gargoyles (Lair:6)
  2 centaur zombies
  A torpor snail (Lair:6)
  8 black mambas
  9 spiny frogs
  3 gargoyles
  2 efreet
  15 komodo dragons
  3 rime drakes
  A freezing wraith (D:15)
  9 merfolk
  13 trolls
  3 tengu conjurers
  A polar bear (Lair:4)
  3 meliai (D:15)
  4 wind drakes (Shoals:1)
  A wind drake (shapeshifter) (D:14)
  A wolf spider simulacrum (D:13)
  8 slime creatures
  2 snapping turtles (Shoals:1)
  2 meliai zombies (D:15)
  30 blink frogs
  Grinder (D:5)
  11 hippogriffs
  7 dream sheep (Lair:5)
  4 shadows
  A vampire (D:15)
  4 water elementals (D:15)
  10 wraiths
  28 yaks
  3 wyverns
  A fire elemental (D:14)
  9 basilisks
  3 hogs (D:15)
  2 steam dragons (Lair:6)
  3 vampire mosquitoes
  4 wargs
  2 hungry ghosts
  10 hell hounds
  2 acid dragons
  5 water moccasins
  Duvessa (D:5)
  8 porcupines
  7 sky beasts
  6 black bears
  17 orc warriors
  A hornet zombie (D:15)
  5 ice beasts
  2 eyes of draining
  27 ogres
  5 phantoms
  2 necrophages
  12 centaurs
  15 crocodiles
  A big kobold (D:8)
  15 bullfrogs
  A wyvern zombie (D:11)
  Dowan (D:5)
  A water moccasin zombie (D:9)
  A hornet simulacrum (D:14)
  A water moccasin skeleton (D:8)
  7 killer bees
  2 scorpions
  20 wights
  3 electric eels
  4 howler monkeys
  6 crimson imps
  A wyvern simulacrum (D:14)
  A bullfrog zombie (D:13)
  15 hounds
  5 lava snakes (Lair:6)
  2 quasits
  5 jellies
  11 orc priests
  5 centaur skeletons
  Jessica (D:2)
  2 bullfrog skeletons
  Ijyb (D:5)
  5 iguanas
  22 orc wizards
  8 worker ants
  A hound skeleton (D:9)
  Robin (D:4)
  10 adders
  4 shadow imps
  4 adder skeletons
  3 worms
  3 dart slugs
  6 leopard geckos
  74 orcs
  6 giant cockroaches
  2 gnoll zombies (D:4)
  16 goblins
  10 hobgoblins
  20 jackals
  5 kobolds
  5 quokkas
  2 ball pythons
  A ball python skeleton (D:4)
  3 bats
  9 frilled lizards
  A jackal skeleton (D:5)
  A leopard gecko zombie (D:7)
  A quokka skeleton (D:8)
  7 rats
  3 fungi (Lair:6)
  A plant (Lair:2)
807 creatures vanquished.

Vanquished Creatures (others)
  A merfolk (Shoals:1)
  An orc warrior (D:14)
  A bush (Lair:2)
  11 fungi
  8 plants
22 creatures vanquished.

Grand Total: 829 creatures vanquished

Notes
Turn   | Place    | Note
-------+----------+-------------------------------------------
     0 | D:1      | Hogrash the Hill Orc Fighter began the quest for the Orb.
     0 | D:1      | Reached XP level 1. HP: 19/19 MP: 1/1
    23 | D:1      | Reached skill level 3 in Axes
   300 | D:1      | Reached XP level 2. HP: 26/26 MP: 2/2
   316 | D:1      | Reached skill level 4 in Axes
   675 | D:1      | Reached XP level 3. HP: 29/31 MP: 3/3
  1033 | D:1      | Reached skill level 5 in Axes
  1115 | D:2      | Noticed Jessica
  1119 | D:2      | Killed Jessica
  1119 | D:2      | Reached XP level 4. HP: 39/39 MP: 4/4
  1235 | D:2      | Found a deep blue altar of Sif Muna.
  1416 | D:2      | Reached skill level 6 in Axes
  2069 | D:3      | Found a bloodstained altar of Trog.
  2135 | D:3      | Reached XP level 5. HP: 45/45 MP: 5/5
  2681 | D:4      | Found a staircase to the Ecumenical Temple.
  2684 | D:4      | Noticed a phantom
  2690 | Temple   | Entered the Ecumenical Temple
  2733 | Temple   | Became a worshipper of Uskayaw the Reveler
  2773 | D:4      | Reached * piety under Uskayaw
  2786 | D:4      | Killed a phantom
  2786 | D:4      | Reached skill level 7 in Axes
  2786 | D:4      | Reached ** piety under Uskayaw
  2808 | D:4      | Found Zufyif's Antique Armour Shop.
  2814 | D:4      | Reached skill level 8 in Axes
  2814 | D:4      | Reached XP level 6. HP: 33/51 MP: 6/6
  3085 | D:4      | Noticed Robin
  3091 | D:4      | Reached *** piety under Uskayaw
  3094 | D:4      | Reached **** piety under Uskayaw
  3095 | D:4      | Killed Robin
  3379 | D:4      | Reached skill level 9 in Axes
  3547 | D:4      | Noticed a phantom
  3566 | D:4      | Killed a phantom
  3566 | D:4      | Reached XP level 7. HP: 49/57 MP: 7/7
  3701 | D:4      | Reached skill level 10 in Axes
  3991 | D:4      | Found a basalt altar of Yredelemnul.
  4034 | D:4      | Reached skill level 11 in Axes
  4412 | D:5      | Entered Level 5 of the Dungeon
  4456 | D:5      | Reached XP level 8. HP: 64/64 MP: 8/8
  4775 | D:5      | Noticed Duvessa
  4785 | D:5      | Noticed Dowan
  4785 | D:5      | Reached skill level 12 in Axes
  4791 | D:5      | Killed Duvessa
  4802 | D:5      | Killed Dowan
  4889 | D:5      | Noticed Ijyb
  4906 | D:5      | Killed Ijyb
  4906 | D:5      | Reached skill level 1 in Invocations
  4967 | D:5      | Reached skill level 1 in Evocations
  5079 | D:5      | Noticed Grinder
  5089 | D:5      | Killed Grinder
  5089 | D:5      | Reached skill level 5 in Invocations
  5089 | D:5      | Reached ***** piety under Uskayaw
  5175 | D:5      | Reached XP level 9. HP: 20/70 MP: 3/14
  6209 | D:6      | Found a basalt altar of Yredelemnul.
  6284 | D:6      | Reached skill level 5 in Armour
  6951 | D:7      | Reached skill level 5 in Fighting
  7051 | D:7      | Got a pitted war axe
  7053 | D:7      | Identified the cursed +3 war axe of the Enchanted Forest {flame, rN+ Int+8 Dex+2} (You found it on level 7 of the Dungeon)
  7143 | D:7      | Found Sesch's Distillery.
  7156 | D:7      | Bought a potion of might for 48 gold pieces
  7156 | D:7      | Bought a potion of resistance for 120 gold pieces
  7238 | D:7      | Reached XP level 10. HP: 79/84 MP: 16/16
  7682 | D:8      | Found a burning altar of Makhleb.
  7776 | D:8      | Found a glowing golden altar of the Shining One.
  7917 | D:8      | Reached skill level 13 in Axes
  8389 | D:8      | You fall through a shaft!
  8389 | D:9      | Found a hazy altar of Hepliaklqana.
  8834 | D:9      | Noticed a two-headed ogre
  8842 | D:9      | Killed a two-headed ogre
  8842 | D:9      | Reached skill level 14 in Axes
  9050 | D:10     | Entered Level 10 of the Dungeon
  9056 | D:10     | Noticed a gargoyle
  9064 | D:10     | Killed a gargoyle
  9064 | D:10     | Reached skill level 15 in Axes
  9175 | D:10     | Reached XP level 11. HP: 88/95 MP: 17/17
  9202 | D:10     | Noticed Zappman321's ghost (novice TrEn)
  9220 | D:10     | Killed Zappman321's ghost
  9220 | D:10     | Reached skill level 16 in Axes
  9232 | D:10     | Found a staircase to the Lair.
  9247 | Lair:1   | Entered Level 1 of the Lair of Beasts
  9841 | D:10     | Noticed Joseph
  9848 | D:10     | Killed Joseph
  9851 | D:10     | Reached skill level 10 in Invocations
  9906 | D:10     | Noticed Harold
  9915 | D:10     | Killed Harold
 10956 | D:12     | Noticed a deep elf mage
 10959 | D:12     | Killed a deep elf mage
 10963 | D:12     | Noticed a cyclops
 10974 | D:12     | HP: 1/95 [cyclops (12)]
 10976 | D:12     | Killed a cyclops
 11368 | D:12     | Noticed a cyclops
 11904 | Lair:1   | Noticed an eight-headed hydra
 11912 | Lair:1   | Killed a four-headed hydra
 11912 | Lair:1   | Reached XP level 12. HP: 103/103 MP: 21/21
 12285 | Lair:2   | Reached ****** piety under Uskayaw
 12670 | Lair:2   | Reached skill level 10 in Armour
 12966 | Lair:2   | Noticed an eight-headed hydra
 12974 | Lair:2   | Killed a four-headed hydra
 13717 | Lair:3   | Found a hole to the Spider Nest.
 14253 | Lair:3   | Reached skill level 5 in Shields
 14378 | Lair:3   | Found a staircase to the Shoals.
 14401 | Lair:3   | Reached skill level 1 in Dodging
 14987 | Lair:1   | Learned a level 2 spell: Swiftness
 15703 | Lair:4   | Reached XP level 13. HP: 60/108 MP: 17/22
 16362 | Lair:4   | Reached skill level 5 in Dodging
 17823 | Lair:5   | Reached skill level 10 in Fighting
 18299 | Lair:6   | Entered Level 6 of the Lair of Beasts
 18761 | Lair:6   | Found a staircase to the Slime Pits.
 18962 | Lair:6   | Found a white marble altar of Elyvilon.
 19036 | Lair:6   | Reached skill level 17 in Axes
 19275 | Lair:6   | Reached XP level 14. HP: 54/122 MP: 4/23
 19507 | Lair:6   | Got a steaming whip
 19508 | Lair:6   | Identified the +8 whip of Fuanlaen {freeze, Str+4 Int-3} (You found it on level 6 of the Lair of Beasts)
 19908 | Lair:6   | Reached skill level 1 in Maces & Flails
 20084 | Lair:6   | Gained mutation: Your magical capacity is low. (-10% MP) [a shining eye]
 20427 | Lair:6   | Gained mutation: You are dopey. (Int -2) [a shining eye]
 20430 | Lair:6   | Gained mutation: You are weak. (Str -2) [a shining eye]
 20436 | Lair:6   | Gained mutation: Your spells are a little easier to cast, but a little less powerful. [a shining eye]
 20647 | Lair:6   | Found a large runed door.
 20648 | Lair:6   | Found a large runed door.
 22628 | D:12     | Found a blossoming altar of Fedhas.
 23021 | D:12     | Found a glowing golden altar of the Shining One.
 23147 | D:12     | Found a roughly hewn altar of Beogh.
 23147 | D:12     | Found a staircase to the Orcish Mines.
 23498 | D:12     | You fall through a shaft!
 23519 | D:13     | Reached skill level 15 in Invocations
 23677 | Orc:1    | Entered Level 1 of the Orcish Mines
 23748 | Orc:2    | Entered Level 2 of the Orcish Mines
 23807 | Orc:2    | Found a staircase to the Elven Halls.
 23877 | Orc:2    | Found Rebay's Assorted Antiques.
 23886 | Orc:2    | Reached XP level 15. HP: 77/132 MP: 11/24
 23897 | Orc:2    | Found Cezoov's General Store.
 23982 | Orc:2    | Found Roirharuba's Food Shop.
 24038 | Orc:2    | Bought a scroll of enchant weapon for 135 gold pieces
 24038 | Orc:2    | Bought a scroll of blinking for 135 gold pieces
 24080 | Orc:2    | Found Jinnemau's Food Shoppe.
 24203 | Orc:2    | Found a roughly hewn altar of Beogh.
 24666 | Orc:1    | Noticed Josephine
 24666 | Orc:1    | Noticed Maurice
 24686 | Orc:1    | Killed Josephine
 24691 | Orc:1    | Killed Maurice
 26244 | D:13     | Found a gate to the Vaults.
 27387 | D:14     | Noticed Louise
 27400 | D:14     | Killed Louise
 27480 | D:14     | Noticed Azrael
 27499 | D:14     | Killed Azrael
 27750 | D:14     | Reached XP level 16. HP: 124/141 MP: 26/26
 28185 | D:14     | Noticed Nessos
 28226 | D:14     | Killed Nessos
 28746 | D:14     | Reached skill level 18 in Axes
 29062 | D:15     | Entered Level 15 of the Dungeon
 29089 | D:15     | Noticed Kirke
 29100 | D:15     | Killed Kirke
 29796 | D:15     | Reached skill level 19 in Axes
 30876 | D:15     | Found a staircase to the Depths.
 31230 | D:15     | Found a portal to a secret trove of treasure.
 31455 | D:4      | Bought the +2 pair of boots of the Assassin {Detection Stab+ Stlth++} for 1260 gold pieces
 31455 | D:4      | Bought a pair of embroidered boots for 157 gold pieces
 31465 | D:4      | Identified a +0 pair of boots of running (You bought it in a shop on level 4 of the Dungeon)
 31719 | D:15     | Noticed Urug
 31726 | D:15     | Killed Urug
 32024 | D:15     | Reached skill level 20 in Axes
 32264 | D:15     | You paid a toll of the boots of the Assassin to enter a treasure trove
 32265 | Trove    | Entered a treasure trove
 32344 | Trove    | Got an encrusted longbow
 32345 | Trove    | Identified the +6 longbow "Tel Basch" {freeze, rPois rF+} (You found it in a treasure trove)
 32764 | Shoals:1 | Entered Level 1 of the Shoals
 33716 | Shoals:1 | Reached skill level 1 in Throwing
 34276 | Shoals:2 | Noticed Aizul
 34304 | Shoals:2 | Killed from afar by Aizul

Skill      XL: |  1  2  3  4  5  6  7  8  9 10 11 12 13 14 15 16 |
---------------+-------------------------------------------------+-----
Axes           | 3 4 5 6 8 9 11 12 15 16 17 20 | 20.0
Invocations    | 7 9 12 16 18 | 18.8
Evocations     | 1 |  1.0
Armour         | 6 8 11 14 | 14.0
Fighting       | 6 8 10 12 13 | 13.5
Shields        | 6 |  6.0
Dodging        | 4 7 |  7.3
Maces & Flails | 1 |  1.0
Throwing       | 2 |  2.4

Action                   |  1- 3 |  4- 6 |  7- 9 | 10-12 | 13-15 | 16-18 || total
-------------------------+-------+-------+-------+-------+-------+-------++-------
Melee: War axe           |   112 |   154 |   117 |   508 |   874 |   535 ||  2300
       Club              |       |    37 |   161 |       |       |       ||   198
       Hand axe          |       |       |    74 |       |       |       ||    74
       Whip              |       |       |       |       |   119 |       ||   119
Invok: Stomp             |       |       |     5 |     7 |    29 |     3 ||    44
       Line Pass         |       |       |     2 |     2 |    15 |     4 ||    23
       Grand Finale      |       |       |     1 |       |     1 |     1 ||     3
  Use: Potion            |       |     1 |     2 |     2 |     5 |     6 ||    16
       Scroll            |       |     1 |     3 |    12 |     6 |     2 ||    24
 Stab: Paralysed         |       |     3 |    21 |    40 |   132 |    52 ||   248
       Sleeping          |       |       |     1 |     3 |       |       ||     4
       Confused          |       |       |       |       |     4 |     1 ||     5
       Distracted        |       |       |       |       |     1 |       ||     1
  Eat: Chunk             |       |     9 |    14 |    25 |    45 |    21 ||   114
       Fruit             |       |       |       |     2 |     5 |     2 ||     9
       Royal jelly       |       |       |       |     1 |       |       ||     1
Armor: Scale mail        |    83 |       |       |       |       |       ||    83
       Chain mail        |     1 |    81 |    64 |       |       |       ||   146
       Leather armour    |       |       |    64 |    78 |    53 |       ||   195
       Plate armour      |       |       |       |       |   142 |   289 ||   431
Dodge: Dodged            |    91 |    61 |    99 |   210 |   493 |   217 ||  1171
Block: Buckler           |       |    29 |    80 |   110 |   238 |    10 ||   467
       Shield            |       |       |       |       |       |   257 ||   257
